 Dungeon Crawl Stone Soup version 0.29.1-15-g9cfb28693d (webtiles) character file.

Game seed: 7157893694258280918

4937 Gabide the Grappler (level 10, -3/80 HPs)
             Began as a Mummy Berserker on Mar 21, 2023.
             Was an Elder of Trog.
             Slain by a gnoll
             ... wielding a +1 flail of protection
             ... led by a gnoll sergeant
              (10 damage)
             ... on level 9 of the Dungeon.
             The game lasted 00:18:29 (13385 turns).

Gabide the Grappler (Mummy Berserker)              Turns: 13385, Time: 00:18:30

Health: -3/80      AC:  9    Str: 24    XL:     10   Next: 28%
Magic:  10/10      EV: 14    Int:  7    God:    Trog [****..]
Gold:   107        SH:  0    Dex: 12    Spells: 9/9 levels left

rFire   + . .      SeeInvis .     - Unarmed
rCold   + . .      Faith    .   (no shield)
rNeg    + + +      Spirit   .   o - +3 leather armour {rPois}
rPois   ∞          Reflect  .   (no helmet)
rElec   .          Harm     .   n - +2 cloak
rCorr   .          Rampage  .   (no gloves)
Will    +++..                   (no boots)
Stlth   +.........              b - amulet of Wepperaotz {RegenMP rF+}
HPRegen 1.23/turn               j - ring of protection from fire
MPRegen 0.52/turn               (no ring)

@: about to teleport, strong-willed, regenerating
A: cold resistance 1, negative energy resistance 3, torment resistance 2, heat
vulnerability 1, in touch with death 1, no potions
a: Renounce Religion, Trog's Hand, Brothers in Arms


You were on level 9 of the Dungeon.
You worshipped Trog.
Trog was greatly pleased with you.
You visited 1 branch of the dungeon, and saw 9 of its levels.

You collected 432 gold pieces.
You spent 325 gold pieces at shops.

Inventory:

Missiles
 e - 21 poisoned darts (quivered)
 l - 4 throwing nets
Armour
 n - a +2 cloak (worn)
 o - a +3 leather armour of poison resistance (worn)
Jewellery
 b - the amulet of Wepperaotz (around neck) {RegenMP rF+}
   (You acquired it on level 9 of the Dungeon)

   [amulet of magic regeneration]

   It increases your rate of magic regeneration.
   rF:        It protects you from fire.
 j - a ring of protection from fire (left hand)
Wands
 d - a wand of paralysis (9)
 i - a wand of flame (38)
 m - a wand of digging (6)
Scrolls
 a - a scroll of teleportation
 c - 2 scrolls of enchant weapon
 g - 2 scrolls of vulnerability
 h - a scroll of enchant armour
 k - 5 scrolls of identify
 p - a scroll of magic mapping


   Skills:
 + Level 8.2 Fighting
 - Level 1.5 Armour
 + Level 6.5 Dodging
 * Level 9.5 Unarmed Combat


You had 9 spell levels left.
You didn't know any spells.
Your spell library was empty.

Dungeon Overview and Level Annotations

Branches:
Dungeon (9/15)             Temple (0/1) D:6
   Lair: D:8-11         Orc: D:9-12

Altars:
Cheibriados
Fedhas
Kikubaaqudgha
Makhleb
Nemelex Xobeh
Qazlal
Ru
Sif Muna

Shops:
D:6 *   D:9 (

Annotations:
D:3 3 runed translucent doors, Descartes's ghost, weakling FeMo


Innate Abilities, Weirdness & Mutations

You are immune to poison.
Your flesh is cold resistant. (rC+)
You are immune to negative energy. (rN+++)
You are immune to unholy pain and torment.
You are vulnerable to heat. (rF-)
You are in touch with the powers of death.
You do not drink.


Message History

The gnoll hits you with a +1 flail of protection.
The gnoll misses you.
You barely miss the gnoll.
The gnoll is moderately wounded.
The yak bellows!
You hear a shout! x2
The gnoll hits you with a +0 whip.
A yak comes into view.
The gnoll closely misses you. The gnoll sergeant closely misses you.
The gnoll hits you with a +1 flail of protection.
The yak barely misses you.
The gnoll hits you from afar with a +0 spear.
You barely miss the gnoll.
The gnoll is moderately wounded.
The yak bellows!
You hear a bellow!
Unknown command.
The yak bellows!
You punch the gnoll!
You kill the gnoll!
Trog accepts your kill. The gnoll hits you with a +0 whip.
* * * LOW HITPOINT WARNING * * *
The gnoll sergeant hits you from afar with a +2 spear of pain.
* * * LOW HITPOINT WARNING * * *
A yak comes into view.
The yak gores you but does no damage. The gnoll misses you.
The gnoll completely misses you.
You see here a +0 club.
The yak attacks as you move away! The yak gores you!
* * * LOW HITPOINT WARNING * * *
The gnoll attacks as you move away! The gnoll closely misses you.
The gnoll hits you with a +1 flail of protection.
* * * LOW HITPOINT WARNING * * *
Okay, then.
You can't drink.
As you read the scroll of teleportation, it crumbles to dust.
You feel strangely unstable.
The gnoll sergeant hits you from afar with a +2 spear of pain.
* * * LOW HITPOINT WARNING * * *
The gnoll hits you with a +1 flail of protection!
You die...

#####...Y.#..####
≈≈≈#........~≈≈≈≈
≈≈≈#...∩....≈≈≈≈≈
≈≈≈#...Y.†..~≈≈≈≈
≈≈≈##..YY.##≈≈≈≈≈
≈≈≈###..)###≈≈≈≈≈
≈≈≈#...Ygg.#≈≈≈≈≈≈
≈≈≈#...)gY.#≈≈≈≈≈≈
≈≈≈#....Y@g#≈≈≈≈≈≈
≈≈≈#.......#≈≈≈≈≈≈
≈≈≈#.?.....#≈≈≈≈≈≈
≈≈≈#..(....#≈≈≈≈≈≈
≈≈≈#...!...#≈≈≈≈≈≈
≈≈≈#.......#≈≈≈≈≈≈
≈≈≈#.......#≈≈≈≈≈≈
≈≈≈#.......#≈≈≈≈≈≈
≈≈≈#.......#≈≈≈≈≈≈


You could see 6 yaks, a gnoll sergeant and 3 gnolls.

Vanquished Creatures
  Prince Ribbit (D:7)
  A dream sheep (D:8)
  A yak (D:8)
  Grum (D:6)
  Eustachio (D:6)
  Menkaure (D:6)
  2 ice beasts
  3 black bears
  3 ogres
  A wolf (D:6)
  5 centaurs
  2 kobold brigands
  A bullfrog (D:8)
  3 scorpions
  5 gnoll sergeants
  8 wights (D:8)
  An electric eel (D:7)
  3 howler monkeys (D:9)
  2 jellies
  13 hounds
  4 orc priests
  4 gnoll boudas
  Natasha (thrice) (D:3)
  6 iguanas
  6 orc wizards
  8 adders
  34 gnolls
  A white imp (D:6)
  A worm (D:7)
  2 dart slugs
  15 orcs
  7 bats
  8 endoplasms
  A giant cockroach (D:3)
  9 goblins
  2 hobgoblins (D:1)
  9 jackals
  5 quokkas
  3 ball pythons
  6 frilled lizards
  18 kobolds
  9 rats
219 creatures vanquished.

Vanquished Creatures (others)
  3 fungi (D:3)
  A plant (D:3)
4 creatures vanquished.

Grand Total: 223 creatures vanquished

Notes
Turn   | Place    | Note
-------+----------+-------------------------------------------
     0 | D:1      | Gabide the Mummy Berserker began the quest for the Orb.
     0 | D:1      | Reached XP level 1. HP: 18/18 MP: 1/1
   287 | D:1      | Reached XP level 2. HP: 22/24 MP: 2/2
   763 | D:1      | Reached skill level 3 in Unarmed Combat
   846 | D:1      | Gained mutation: You are in touch with the powers of death.
                  | [Mummy growth]
   846 | D:1      | Reached XP level 3. HP: 29/29 MP: 3/3
   873 | D:1      | Reached ** piety under Trog
  1995 | D:2      | Reached XP level 4. HP: 21/35 MP: 4/4
  2429 | D:2      | Found a blossoming altar of Fedhas.
  2780 | D:3      | Found a runed translucent gate.
  2780 | D:3      | Found a runed translucent gate.
  2780 | D:3      | Found a runed translucent gate.
  2781 | D:3      | Noticed Descartes's ghost (weakling FeMo)
  2861 | D:3      | Noticed Natasha
  2868 | D:3      | Killed Natasha
  2869 | D:3      | Reached XP level 5. HP: 32/42 MP: 5/5
  2957 | D:3      | Reached skill level 4 in Unarmed Combat
  3426 | D:3      | Noticed Natasha
  3442 | D:3      | Killed Natasha
  3443 | D:3      | Reached XP level 6. HP: 30/48 MP: 6/6
  3619 | D:3      | Noticed Natasha
  3630 | D:3      | Killed Natasha
  4203 | D:4      | Found a sacrificial altar of Ru.
  4859 | D:4      | Found a stormy altar of Qazlal.
  5614 | D:5      | Entered Level 5 of the Dungeon
  5689 | D:5      | Reached skill level 5 in Unarmed Combat
  5800 | D:5      | Reached *** piety under Trog
  5931 | D:5      | Reached XP level 7. HP: 51/55 MP: 7/7
  6630 | D:6      | Reached skill level 5 in Fighting
  6673 | D:6      | Noticed Menkaure
  6678 | D:6      | Killed Menkaure
  6712 | D:6      | Reached skill level 6 in Unarmed Combat
  6838 | D:6      | Reached XP level 8. HP: 36/63 MP: 8/8
  6975 | D:6      | Identified the +7 dagger "Veume" {flame, *Slow rF- rC+
                  | Str+9}
  7415 | D:6      | Noticed Eustachio
  7425 | D:6      | Killed Eustachio
  7438 | D:6      | Reached skill level 7 in Unarmed Combat
  7932 | D:6      | Found Haadgha's General Store.
  7965 | D:6      | Noticed Grum
  7979 | D:6      | Killed Grum
  7980 | D:6      | Reached skill level 5 in Dodging
  8193 | D:6      | Reached XP level 9. HP: 46/71 MP: 9/9
  9344 | D:6      | Found a staircase to the Ecumenical Temple.
  9524 | D:7      | Reached skill level 8 in Unarmed Combat
  9788 | D:7      | Found a snail-covered altar of Cheibriados.
  9881 | D:7      | Noticed Prince Ribbit
  9911 | D:7      | Killed Prince Ribbit
 10242 | D:7      | Reached **** piety under Trog
 10335 | D:7      | Found a shimmering blue altar of Sif Muna.
 10336 | D:7      | Found an ancient bone altar of Kikubaaqudgha.
 10741 | D:7      | Found a burning altar of Makhleb.
 11321 | D:8      | Reached skill level 9 in Unarmed Combat
 11424 | D:8      | Reached XP level 10. HP: 76/80 MP: 10/10
 11777 | D:8      | Found a sparkling altar of Nemelex Xobeh.
 12747 | D:9      | Identified a scroll of acquirement
 12748 | D:9      | Acquired the amulet of Wepperaotz {RegenMP rF+}
 13269 | D:6      | Bought a ring of protection from fire for 325 gold pieces
 13361 | D:9      | Found Uphybiff's Weapon Emporium.
 13385 | D:9      | Slain by a gnoll

Illustrated notes

Levels and vault maps discovered:
D:1:      reono_arrival_mine, layout_loops_corners
D:2:      layout_basic, basic_altar, grunt_ministairs_10
D:3:      layout_basic, gammafunk_ghost_nasty_kobolds, uniq_natasha
D:4:      layout_basic, mainiacjoe_overflow_concentric_impassable,
          nicolae_overflow_hidden_temple
D:5:      layout_basic, dreamdust_divine_triumvirate
D:6:      black_bear_nest_2, layout_cave_pools, minmay_temple_entry_nine_rooms,
          serial_shops, kennysheep_mini_moat, serial_gnoll_camp,
          gnoll_camp_mini_sergeant, grums_kennel, gnoll_camp_mini_doghouse,
          gnoll_camp_huts_basic, gnoll_camp_mini_house, uniq_eustachio,
          uniq_menkaure
D:7:      layout_basic, lightli_temple_of_fire, nicolae_overflow_squiral,
          cheibrodos_worm_habitat, uniq_prince_ribbit1
D:8:      layout_basic, nemelex_spade_bored_becter, dreamdust_gnoll_shepherd
D:9:      layout_cross, serial_shops, nicolae_shop_bloodbath_and_beyond

Skill      XL: |  1  2  3  4  5  6  7  8  9 10 |
---------------+-------------------------------+-----
Unarmed Combat | 3 4 5 6 7 9 |  9.5
Dodging        | 2 3 4 5 6 |  6.5
Fighting       | 4 5 6 7 8 |  8.2
Armour         | |  1.5

Action                   |  1- 3 |  4- 6 |  7- 9 | 10-12 || total
-------------------------+-------+-------+-------+-------++-------
Melee: Unarmed           |   141 |   168 |   432 |   101 ||   842
       Punch             |     3 |     7 |    26 |     5 ||    41
Throw: Stone             |     3 |       |       |       ||     3
       Dart              |    11 |    40 |    50 |       ||   101
       Throwing net      |       |       |     3 |       ||     3
Invok: Trog's Hand       |       |     4 |     3 |     1 ||     8
Evoke: Wand              |       |     4 |    17 |       ||    21
  Use: Scroll            |     2 |     7 |     5 |     4 ||    18
 Stab: Paralysed         |       |     6 |    19 |       ||    25
       Held in net/web   |       |       |     1 |       ||     1
Armor: Leather armour    |    23 |       |    75 |    36 ||   134
       Animal skin       |     1 |       |       |       ||     1
       Ring mail         |     8 |    37 |    78 |       ||   123
Dodge: Dodged            |    67 |   102 |   315 |   101 ||   585
